 Dungeon Crawl Stone Soup version 0.16-a0-3250-g88dccf0 (webtiles) character file.

124 Miyamura the Grasshopper (level 4, -11/30 HPs)
             Began as a High Elf Warper on Dec 22, 2014.
             Mangled by Menkaure (19 damage)
             ... on level 5 of the Dungeon.
             The game lasted 00:10:50 (4147 turns).

Miyamura the Grasshopper (High Elf Warper)          Turns: 4147, Time: 00:10:50

Health: -11/30     AC:  5    Str:  8 (11) XL:     4   Next: 81%
Magic:  5/12       EV: 11    Int: 17      God:
Gold:   100        SH:  0    Dex: 14      Spells: 3 memorised, 4 levels left

rFire  . . .     SeeInvis .     a - +1 falchion
rCold  . . .     Clarity  .     n - +0 ring mail
rNeg   . . .     SustAb   .     (no shield)
rPois  .         Gourm    .     (no helmet)
rElec  .         Spirit   .     (no cloak)
rCorr  .         Warding  .     (no gloves)
rMut   .         Stasis   .     (no boots)
MR     .....                    (no amulet)
Stlth  +.........               (no ring)
                                (no ring)

@: very slightly contaminated, not resistant to hostile enchantments, very
unstealthy
A: no striking features
a: no special abilities


You were on level 5 of the Dungeon.
You were not hungry.

You visited 1 branch of the dungeon, and saw 5 of its levels.

You collected 100 gold pieces.

Inventory:

Hand weapons
 a - a +1 falchion (weapon)
Armour
 n - a +0 ring mail (worn)
Magical devices
 e - a wand of random effects (15)
Scrolls
 i - a scroll of remove curse
 l - a scroll of magic mapping
Books
 c - a book of Spatial Translocations

   Spells                             Type                      Level
   a - Apportation                    Translocation                1
   b - Blink                          Translocation                2
   c - Shroud of Golubria             Charms/Translocation         2
   d - Portal Projectile              Translocation                3
   e - Teleport Other                 Translocation                3
   f - Passage of Golubria            Translocation                4
Comestibles
 b - 3 chunks of flesh
 f - a bread ration


   Skills:
 + Level 2.6 Fighting
 + Level 3.3 Long Blades
 - Level 1.1 Throwing
 + Level 1.6 Armour
 + Level 3.2 Dodging
 + Level 3.2 Spellcasting
 + Level 3.7 Translocations


You had 4 spell levels left.
You knew the following spells:

 Your Spells              Type           Power        Failure   Level  Hunger
a - Apportation           Tloc           ###.......   10%         1    None
b - Blink                 Tloc           N/A          12%         2    ##.....
c - Shroud of Golubria    Chrm/Tloc      #.........   28%         2    ##.....


Dungeon Overview and Level Annotations

Branches:
Dungeon (5/15)
 Temple: D:4-7

Altars:
Cheibriados
Kikubaaqudgha
Qazlal
Sif Muna

Annotations:
D:3 Robin
D:5 Menkaure, Natasha


Message History

You hit the hound but do no damage.
The hound is moderately wounded.
The hound bites you.
* * * LOW HITPOINT WARNING * * *
The hound bites you but does no damage.
You hit the hound.
The hound is severely wounded.
The hound barely misses you. The adder closely misses you.
The hound bites you but does no damage.
You slash the hound!
You kill the hound!
The adder bites you but does no damage. The adder misses you.
You hit Menkaure.
Menkaure is lightly damaged.
The adder barely misses you. Menkaure closely misses you.
You hit Menkaure.
Menkaure is moderately damaged.
The adder closely misses you. Menkaure hits you!!
Ouch! That really hurt!
You die...

**#.....##...#.#.,,**,,*,**,*,*,*
###...S..........,,*,,,*,,,,*,*,*
....##...........***,,,,,,,,,,*,*
..................,+,,,,,,,,,,*,,
..h..........###****,,,,,,,,,,*,*
,#.§.Zh.##..S...# ****,,,,,,,*,,
##...........r.Z# *...,,,,*,*
.............§.S#####*#...#**,*,*
...##....=....hM@§§.#,....##*,*,*
...*#.....#...§§§§§.#,.....#*,*,*
...*#.....####§§§§..#,.....#*,*,*
###*#........########,.....##,*,*
* #........####...##......#.#,* *
##.....................#,*.#,* *
#.................h....#,..#,,
**##............h..#......#*..#**
**...........#.(...+.#....##..###


You could see Menkaure, Natasha, 2 adders, an adder zombie and a quokka.

Vanquished Creatures
  A hound (D:5)
  4 adders
  A gnoll (D:3)
  2 giant geckos
  6 orcs
  A ball python (D:2)
  2 giant cockroaches
  5 goblins
  6 hobgoblins
  5 jackals
  6 bats
  A giant newt (D:1)
  8 kobolds
  4 rats
52 creatures vanquished.

Notes
Turn   | Place    | Note
--------------------------------------------------------------
     0 | D:1      | Miyamura, the High Elf Warper, began the quest for the Orb.
     0 | D:1      | Reached XP level 1. HP: 14/14 MP: 4/4
   423 | D:1      | Reached XP level 2. HP: 14/19 MP: 6/6
   496 | D:1      | Learned a level 2 spell: Blink
  1274 | D:2      | Learned a level 2 spell: Shroud of Golubria
  1282 | D:2      | Found a deep blue altar of Sif Muna.
  1863 | D:2      | Reached skill level 1 in Armour
  1863 | D:2      | Reached XP level 3. HP: 21/24 MP: 4/8
  2464 | D:2      | Found a stormy altar of Qazlal.
  2464 | D:2      | Found a snail-covered altar of Cheibriados.
  2465 | D:2      | Found an ancient bone altar of Kikubaaqudgha.
  2974 | D:3      | Reached XP level 4. HP: 6/30 MP: 10/12
  4095 | D:3      | Noticed Robin
  4117 | D:5      | Entered Level 5 of the Dungeon
  4132 | D:5      | Noticed Natasha
  4132 | D:5      | Noticed Menkaure
  4147 | D:5      | Mangled by Menkaure

Action                   |  1- 3 |  4- 6 || total
-------------------------+-------+-------++-------
Melee: Falchion          |   150 |    89 ||   239
 Cast: Shroud of Golubri |     6 |     8 ||    14
       Blink             |       |    11 ||    11
  Use: Scroll            |       |     6 ||     6
       Potion            |       |     6 ||     6
 Stab: Sleeping          |     1 |       ||     1
  Eat: Chunk             |     4 |     2 ||     6
       Beef jerky        |     1 |       ||     1
       Bread ration      |       |     1 ||     1
